 Dungeon Crawl Stone Soup version 0.30-b1-2-g02819fbbbe (webtiles) character file.

Game seed: 10424128848867588032

29152 Alarkh the Marksdemonspawn (level 13, -3/95 HPs)
             Began as a Demonspawn Hexslinger on May 25, 2023.
             Was a Believer of Uskayaw.
             Slain by a skyshark (11 damage)
             ... on level 4 of the Lair of Beasts.
             The game lasted 00:45:07 (16584 turns).

Alarkh the Marksdemonspawn (Demonspawn Hexslinger) Turns: 16584, Time: 00:45:07

Health: -3/95      AC:  9    Str: 12    XL:     13   Next: 13%
Magic:  19/19      EV: 12    Int: 18    God:    Uskayaw [**....]
Gold:   497        SH:  0    Dex: 14    Spells: 9/20 levels left

rFire   . .          .
                       - Unarmed
rCold   + . .        (no shield)
rNeg    . . .        w - +1 robe {rC+}
rPois   .            o - +0 helmet
rElec   .            u - +0 cloak
rCorr   .            (gloves unavailable)
SInv    +            j - +1 pair of boots
Will    .....        t - amulet of regeneration
Stlth   +            E - ring of flight
HPRegen 1.15/turn    z - ring of see invisible
MPRegen 0.16/turn

%: no passive effects
@: about to teleport, flying, studying Axes
A: yellow scales 1, powered by death 3, powered by pain 1, corrupting presence
1, demonic touch 3
a: Renounce Religion, Stomp, Line Pass


You were on level 4 of the Lair of Beasts.
You worshipped Uskayaw.
Uskayaw was noncommittal.
You visited 3 branches of the dungeon, and saw 16 of its levels.
You also visited: Sewer.

You collected 904 gold pieces.
You spent 407 gold pieces at shops.

Inventory:

Hand Weapons
 a - a +1 shortbow of freezing
 c - a +1 longbow
 J - the +2 mace of Darkness {venom, rPois}
   (You found it on level 4 of the Lair of Beasts)

   rPois:     It protects you from poison.
Missiles
 R - a throwing net
Armour
 j - a +1 pair of boots (worn)
 o - a +0 helmet (worn)
 u - a +0 cloak (worn)
 w - a +1 robe of cold resistance (worn)
Magical Staves
 y - a staff of death
 H - a staff of air
Jewellery
 f - a +6 ring of intelligence
 t - an amulet of regeneration (around neck)
 z - a ring of see invisible (right hand)
 A - a ring of positive energy
 E - a ring of flight (left hand)
Wands
 x - a wand of digging (10)
 C - a wand of charming (7)
 F - a wand of flame (31)
 G - a wand of polymorph (11)
 K - a wand of light (12)
 M - a wand of iceblast (17)
 Q - a wand of mindburst (19)
Scrolls
 h - 5 scrolls of immolation
 i - 6 scrolls of teleportation
 n - 3 scrolls of magic mapping
 q - a scroll of silence
 r - a scroll of identify
 v - a scroll of enchant weapon
 N - 2 scrolls of fog
Potions
 b - 3 potions of lignification
 d - 2 potions of flight
 e - 2 potions of heal wounds
 g - 2 potions of berserk rage
 k - 2 potions of mutation
 l - a potion of invisibility
 m - a potion of haste
 s - a potion of curing
 B - a potion of resistance
 D - a potion of ambrosia
 I - 3 potions of brilliance
 L - 2 potions of magic
Miscellaneous
 O - a piece from Xom's chessboard (15/15)


   Skills:
 + Level 6.6 Fighting
 * Level 15.8 Ranged Weapons
 - Level 1.7 Dodging
 * Level 8.7 Unarmed Combat
 - Level 4.0 Spellcasting
 - Level 6.0 Hexes
 + Level 7.2 Invocations


You had 9 spell levels left.
You knew the following spells:

 Your Spells              Type           Power      Damage    Failure   Level
a - Slow                  Hex            100%       N/A       1%          1
b - Inner Flame           Hex/Fire       14%        N/A       13%         3
c - Portal Projectile     Hex/Tloc       28%        N/A       13%         3
d - Cause Fear            Hex            12%        N/A       12%         4

Your spell library contained the following spells:

 Spells                   Type           Power      Damage    Failure   Level
 Summon Guardian Golem    Hex/Summ       14%        N/A       13%         3
 Apportation              Tloc           6%         N/A       14%         1
 Foxfire                  Conj/Fire      12%        2x1d4     14%         1
 Sandblast                Erth           6%         2d5       14%         1
 Lesser Beckoning         Tloc           6%         N/A       22%         2
 Passwall                 Tmut/Erth      2%         N/A       22%         2
 Leda's Liquefaction      Hex/Erth       7%         N/A       38%         4
 Call Canine Familiar     Summ           3%         N/A       41%         3
 Gell's Gravitas          Tloc           3%         N/A       41%         3
 Stone Arrow              Conj/Erth      6%         3d7       41%         3
 Teleport Other           Tloc           3%         N/A       41%         3
 Alistair's Intoxication  Tmut/Pois      2%         N/A       99%         5
 Fireball                 Conj/Fire      1%         3d3       99%         5
 Plasma Beam              Fire/Air       1%         2x1d12    100%        6
 Starburst                Conj/Fire      1%         6d3       100%        6
 Orb of Destruction       Conj           1%         9d5       100%        7
 Spellforged Servitor     Conj/Summ      1%         N/A       100%        7


Dungeon Overview and Level Annotations

Branches:
Dungeon (11/15)            Temple (1/1) D:4            Lair (4/5) D:10
 Shoals (0/4) Lair:2       Spider (0/4) Lair:2          Orc (0/2) D:10
  Sewer (visited)
  Slime: Lair:4-5

Altars:
Ashenzari
Cheibriados
Dithmenos
Fedhas
Gozag
Hepliaklqana
Kikubaaqudgha
Makhleb
Nemelex Xobeh
Okawaru
Qazlal
Ru
Sif Muna
Trog
Uskayaw
Vehumet
Wu Jian
Xom
Yredelemnul

Shops:
D:2 ?   D:5 *((   D:11 =

Annotations:
D:4 3 runed translucent doors, NitroKuite's ghost, novice OpTm
Lair:2 2 transporters, baljet's ghost, novice FeSu


Innate Abilities, Weirdness & Mutations

You are partially covered in yellow scales. (AC +2)
You regenerate a lot of health from kills.
You sometimes gain a little power by taking damage.
Your presence sometimes corrodes those you injure.
Your touch may irresistibly damage your foes and sap their willpower.


Message History

The cane toad is almost dead.
The cane toad stings you!
You barely miss the cane toad.
You punch the cane toad, but do no damage.
The cane toad is almost dead.
The cane toad stings you.
You hit the cane toad but do no damage.
The cane toad is almost dead.
The cane toad stings you!
The skyshark bites you but does no damage.
The skyshark tail-slaps you.
The skyshark tail-slaps you but does no damage.
You closely miss the cane toad.
The cane toad is almost dead.
The cane toad stings you but does no damage.
The skyshark closely misses you. The skyshark barely misses you.
The skyshark closely misses you.
You punch the cane toad!
The cane toad is almost dead.
The cane toad barely misses you. The skyshark bites you!
The skyshark tastes blood and grows stronger!
The skyshark completely misses you. The skyshark closely misses you.
As you read the scroll of teleportation, it crumbles to dust.
You feel strangely unstable. The cane toad stings you.
The cane toad stings you but does no damage.
The skyshark bites you!
The skyshark enters a blood-rage!
The skyshark tail-slaps you.
The skyshark tail-slaps you but does no damage.
You hit the cane toad but do no damage.
The cane toad is almost dead.
The skyshark bites you!!
* * * LOW HITPOINT WARNING * * *
The skyshark closely misses you. The skyshark tail-slaps you.
* * * LOW HITPOINT WARNING * * *
The cane toad stings you!
* * * LOW HITPOINT WARNING * * *
As you read the scroll of fear, it crumbles to dust.
You assume a fearsome visage.
The cane toad looks frightened!
The skyshark is unaffected.
The skyshark bites you!
You die...

...
##.............
...
#..............
...
#P.............
≈..
#............~
≈~.
#...........~≈
≈~.
#...........~≈
≈≈~
##......F..(~≈≈
≈≈~
#P.....@l...~≈≈
≈≈≈
#P..........~≈≈
≈≈≈
##.........~~≈≈
≈≈≈
#.........~≈≈≈
~~≈
#.........~≈~≈
.~~
#.........~≈≈.#
..~
#.........~≈~.#
...
#.....(...≈≈~.#
.~.
#........†~~~.#
~~


You could see a skyshark (berserk) and a cane toad (fleeing, corroded).

Vanquished Creatures
  Snorg (Lair:3)
  Erica (D:8)
  A two-headed ogre (D:8)
  2 skysharks
  Pikel (D:4)
  4 elephants (Lair:4)
  Joseph (D:7)
  An ice statue (Lair:3)
  A merfolk siren (Lair:2)
  A gargoyle (D:10)
  6 cane toads
  An unseen horror (D:10)
  4 black mambas
  3 rime drakes
  4 komodo dragons
  A freezing wraith (Lair:3)
  15 blink frogs
  Prince Ribbit (D:5)
  5 polar bears
  Sigmund (D:4)
  29 yaks
  2 shadows (D:10)
  2 wyverns
  8 vampire mosquitoes
  3 basilisks
  Menkaure (D:6)
  A steam dragon (D:9)
  A redback (Lair:2)
  Edmund (D:5)
  16 water moccasins
  Duvessa (D:7)
  2 orc warriors (D:9)
  4 black bears
  5 ice beasts
  7 centaurs
  An ogre (D:7)
  3 wolves (Lair:3)
  3 lemures
  2 phantoms
  3 kobold brigands
  11 bullfrogs
  2 gnoll sergeants
  4 scorpions
  5 wights
  2 troll zombies (D:10)
  Dowan (D:7)
  2 electric eels (D:11)
  6 hounds
  4 jellies
  2 orc priests
  A gnoll bouda (D:6)
  Ijyb (D:5)
  4 sleepcaps
  4 iguanas
  8 orc wizards
  Terence (D:2)
  6 ogre zombies (D:10)
  17 gnolls
  22 adders
  4 white imps
  2 shadow imps
  An ufetubus (D:4)
  A worm (D:3)
  2 dart slugs
  19 orcs
  8 ball pythons
  4 endoplasms
  6 giant cockroaches
  12 hobgoblins
  A jackal (Sewer)
  2 quokkas (D:3)
  5 bats
  5 frilled lizards
  4 goblins
  A goblin skeleton (D:10)
  3 goblin zombies (D:10)
  3 hobgoblin skeletons (D:10)
  3 hobgoblin zombies (D:10)
  16 kobolds
  2 orc skeletons (D:10)
  13 orc zombies (D:10)
  9 rats
379 creatures vanquished.

Vanquished Creatures (others)
  61 fungi
  86 plants
147 creatures vanquished.

Grand Total: 526 creatures vanquished

Notes
Turn   | Place    | Note
-------+----------+-------------------------------------------
     0 | D:1      | Alarkh the Demonspawn Hexslinger began the quest for the
                  | Orb.
     0 | D:1      | Reached XP level 1. HP: 15/15 MP: 2/2
    44 | D:1      | Reached skill level 2 in Ranged Weapons
   234 | D:1      | Found a faded altar of an unknown god.
   313 | D:1      | Gained mutation: You regenerate a little health from kills.
                  | [demonic ancestry]
   313 | D:1      | Reached XP level 2. HP: 19/21 MP: 3/3
   847 | D:2      | Reached skill level 3 in Ranged Weapons
   874 | D:2      | Reached XP level 3. HP: 25/26 MP: 4/4
  1161 | D:2      | Found Qauzaig's Magic Scroll Emporium.
  1173 | D:2      | Bought a scroll of blinking for 82 gold pieces
  1507 | D:2      | Noticed Terence
  1635 | D:3      | Noticed Ijyb
  1853 | D:2      | Reached skill level 4 in Ranged Weapons
  1853 | D:2      | Gained mutation: You regenerate health from kills. [demonic
                  | ancestry]
  1853 | D:2      | Reached XP level 4. HP: 32/32 MP: 5/5
  1994 | D:3      | Found a glowing drain.
  2000 | Sewer    | Entered a sewer
  2029 | Sewer    | Noticed a water moccasin
  2040 | Sewer    | Killed a water moccasin
  2041 | Sewer    | Reached skill level 5 in Ranged Weapons
  2041 | Sewer    | Gained mutation: Your touch may inflict minor irresistible
                  | damage on your foes. [demonic ancestry]
  2041 | Sewer    | Reached XP level 5. HP: 37/37 MP: 6/6
  2516 | D:3      | Found a hazy altar of Hepliaklqana.
  2518 | D:3      | Found a shadowy altar of Dithmenos.
  2520 | D:3      | Noticed a shadow
  2899 | D:4      | Gained mutation: Your touch may inflict irresistible damage
                  | on your foes. [demonic ancestry]
  2899 | D:4      | Reached XP level 6. HP: 27/43 MP: 7/7
  2945 | D:4      | Found a staircase to the Ecumenical Temple.
  2959 | Temple   | Entered the Ecumenical Temple
  3012 | Temple   | Became a worshipper of Uskayaw the Reveller
  3033 | D:4      | Found a runed translucent gate.
  3033 | D:4      | Found a runed translucent gate.
  3033 | D:4      | Found a runed translucent gate.
  3043 | D:4      | Reached * piety under Uskayaw
  3059 | D:4      | Reached skill level 6 in Ranged Weapons
  3060 | D:4      | Reached ** piety under Uskayaw
  3186 | D:4      | Noticed NitroKuite's ghost (novice OpTm)
  3302 | D:4      | Reached *** piety under Uskayaw
  3505 | D:4      | Found a broken altar of Ashenzari.
  3754 | D:4      | Noticed Sigmund
  3777 | D:4      | Killed Sigmund
  3778 | D:4      | Reached skill level 7 in Ranged Weapons
  3778 | D:4      | Reached XP level 7. HP: 42/48 MP: 8/8
  3880 | D:4      | Noticed Pikel
  3901 | D:4      | Reached **** piety under Uskayaw
  3904 | D:4      | Reached ***** piety under Uskayaw
  3905 | D:4      | Killed Pikel
  3906 | D:4      | Reached skill level 8 in Ranged Weapons
  3906 | D:4      | Gained mutation: You regenerate a lot of health from kills.
                  | [demonic ancestry]
  3906 | D:4      | Reached XP level 8. HP: 40/54 MP: 9/9
  4221 | D:5      | Entered Level 5 of the Dungeon
  4258 | D:5      | Found an opulent altar of Gozag.
  4290 | D:5      | Reached skill level 9 in Ranged Weapons
  4338 | D:5      | Found a shimmering blue altar of Sif Muna.
  4509 | D:2      | Bought a scroll of brand weapon for 104 gold pieces
  4509 | D:2      | Bought a scroll of teleportation for 33 gold pieces
  4667 | D:5      | Found Gokkar's Antique Weapon Boutique.
  4745 | D:5      | Found Wotuv Vuc's Weapon Shop.
  4787 | D:5      | Noticed Prince Ribbit
  4854 | D:5      | Killed Prince Ribbit
  4855 | D:5      | Reached skill level 10 in Ranged Weapons
  4965 | D:5      | Killed Ijyb
  5139 | D:5      | Reached skill level 11 in Ranged Weapons
  5139 | D:5      | Gained mutation: You are partially covered in yellow
                  | scales. (AC +2) [demonic ancestry]
  5139 | D:5      | Reached XP level 9. HP: 59/59 MP: 10/10
  5511 | D:5      | Found Zyess's General Store.
  5658 | D:5      | Noticed Edmund
  5768 | D:5      | Killed Edmund
  6096 | D:6      | Reached skill level 12 in Ranged Weapons
  6205 | D:6      | Noticed Menkaure
  6211 | D:6      | Killed Menkaure
  6272 | D:6      | Learned a level 3 spell: Inner Flame
  6276 | D:6      | Learned a level 3 spell: Portal Projectile
  6766 | D:6      | Gained mutation: You sometimes gain a little power by
                  | taking damage. [demonic ancestry]
  6766 | D:6      | Reached XP level 10. HP: 42/65 MP: 12/14
  7353 | D:7      | Noticed Joseph
  7384 | D:7      | Killed Joseph
  7385 | D:7      | Reached skill level 13 in Ranged Weapons
  7512 | D:7      | Noticed Dowan
  7513 | D:7      | Noticed Duvessa
  7526 | D:7      | Killed Dowan
  7526 | D:7      | Killed Duvessa
  8167 | D:8      | Reached skill level 5 in Hexes
  8434 | D:8      | Noticed Erica
  8523 | D:8      | HP: 3/65 [something (2)]
  8545 | D:8      | Killed Erica
  8546 | D:8      | Reached skill level 1 in Unarmed Combat
  8874 | D:8      | Noticed a two-headed ogre
  8881 | D:8      | HP: 3/67 [two-headed ogre/+0 giant club (20)]
  8882 | D:8      | Killed a two-headed ogre
  9066 | D:8      | Gained mutation: Your presence sometimes corrodes those you
                  | injure. [demonic ancestry]
  9066 | D:8      | Reached XP level 11. HP: 54/71 MP: 5/17
  9734 | D:9      | Learned a level 4 spell: Cause Fear
 10140 | D:10     | Entered Level 10 of the Dungeon
 10148 | D:10     | Reached skill level 14 in Ranged Weapons
 10211 | D:10     | Found an ancient bone altar of Kikubaaqudgha.
 10293 | D:10     | Found a staircase to the Lair.
 10345 | D:10     | Reached ****** piety under Uskayaw
 10459 | D:10     | Found a staircase to the Orcish Mines.
 10484 | D:10     | Identified a scroll of acquirement
 10487 | D:10     | Acquired a ring of see invisible
 10643 | D:5      | Bought a longbow for 188 gold pieces
 10885 | D:10     | Reached skill level 1 in Invocations
 11284 | D:11     | Found Ojotz's Jewellery Boutique.
 11513 | Lair:1   | Entered Level 1 of the Lair of Beasts
 11530 | Lair:1   | Reached skill level 5 in Unarmed Combat
 12216 | Lair:1   | Gained mutation: Your touch may irresistibly damage your
                  | foes and sap their willpower. [demonic ancestry]
 12216 | Lair:1   | Reached XP level 12. HP: 40/84 MP: 13/18
 12499 | Lair:1   | Reached skill level 5 in Fighting
 13080 | Lair:2   | Found a transporter.
 13111 | Lair:2   | Reached skill level 15 in Ranged Weapons
 13322 | Lair:2   | Reached skill level 5 in Invocations
 13554 | Lair:2   | Found a transporter.
 13562 | Lair:2   | Noticed a catoblepas
 13757 | Lair:2   | Noticed baljet's ghost (novice FeSu)
 13795 | Lair:2   | Found a hole to the Spider Nest.
 13919 | Lair:2   | Found a staircase to the Shoals.
 14209 | D:2      | Killed Terence
 15032 | Lair:3   | Noticed Snorg
 15047 | Lair:3   | HP: 2/88 [Snorg (11)]
 16038 | Lair:3   | Killed Snorg
 16347 | Lair:4   | Reached XP level 13. HP: 94/94 MP: 19/19
 16458 | Lair:4   | Identified the +2 mace of Darkness {venom, rPois}
 16584 | Lair:4   | Slain by a skyshark

Illustrated notes

Levels and vault maps discovered:
D:1:      nicolae_arrival_washed_ashore, layout_basic,
          hellmonk_ecumenical_altar_heavens_door, minmay_misc_feat_columns,
          minmay_misc_feat_diagonals
D:2:      layout_basic, serial_shops, nicolae_shop_tiny_waterfront,
          serial_glass, glass_columns_a, glass_columns_b, glass_columns_c,
          glass_columns_b, chequers_serial_rivers_micro_b,
          nicolae_figureground_sparkle, uniq_terence
D:3:      layout_basic, riverfiend_overflow_shadow_ancestor,
          gup_sewer_entry_bubbles, amcnicky_mini_rare_corridor_liquid,
          minivault_26, uniq_ijyb
D:4:      layout_cave_pods, mainiacjoe_overflow_alcove_1, elyvilon_altar_4,
          minmay_temple_entry_ruins, gammafunk_ghost_icy, nrook_mini_vaults,
          uniq_sigmund, uniq_pikel, uniq_crazy_yiuf_cottage
D:5:      cheibrodos_barr_body, layout_loops_cross, grunt_gozag_statues,
          nicolae_sif_muna_condensation, serial_shops, shop,
          nicolae_shop_hallway_stairs, nicolae_shop_tiny_waterfront,
          nicolae_eternal_life, uniq_prince_ribbit1, uniq_edmund
D:6:      layout_basic, nicolae_half_adder, uniq_menkaure
D:7:      layout_gridville, minmay_chambers_of_fives, uniq_duvessa, uniq_joseph
D:8:      layout_basic, uniq_erica
D:9:      layout_basic, kennysheep_small_spiral
D:10:     layout_long_grid, nicolae_kikubaaqudgha_miasma_corner,
          due_lair_maze_entry_diamond, zombieorc2_lemuel
D:11:     minmay_the_grid_3x2 [minmay_the_grid_minigrid_large,
          minmay_the_grid_fan, minmay_the_grid_empty, minmay_the_grid_large_cup,
          minmay_the_grid_paths, minmay_the_grid_prize_diamond_cup],
          layout_basic, serial_shops, nicolae_shop_waterfront,
          nicolae_take_the_stairs, serial_bayou, serial_bayou_lagoon_b,
          serial_bayou_pond_c, serial_bayou_pond_e, serial_bayou_crossing
Temple:   hellmonk_temple_of_storms
Lair:1:   layout_loops_ring, serial_bayou_pond_c, pond
Lair:2:   layout_regular_city, minmay_shoals_entry_lonely_mermaid,
          spider_nest_entry_a, gammafunk_ghost_berserking_beasts,
          grunt_megastairs_2, lemuel_fruit_tree
Lair:3:   layout_chaotic_city, ice2_lemuel, uniq_snorg
Lair:4:   pond_and_an_island_with_a_cottage, layout_regular_city,
          infiniplex_staircase_pool, grunt_megastairs_3

Skill      XL: |  1  2  3  4  5  6  7  8  9 10 11 12 13 |
---------------+----------------------------------------+-----
Ranged Weapons | 2 3 4 5 7 8 11 12 13 14 15 | 15.8
Spellcasting   | 2 4 |  4.0
Hexes          | 4 5 6 |  6.0
Unarmed Combat | 3 6 8 |  8.7
Fighting       | 2 4 6 |  6.6
Invocations    | 3 6 7 |  7.2
Dodging        | |  1.7

Action                     |  1- 3 |  4- 6 |  7- 9 | 10-12 | 13-15 || total
---------------------------+-------+-------+-------+-------+-------++-------
  Melee: Unarmed           |       |    29 |       |   138 |    39 ||   206
         Touch             |       |     2 |     8 |    34 |    10 ||    54
         Punch             |       |     1 |     3 |    10 |     1 ||    15
         Short sword       |       |       |    47 |       |       ||    47
         Whip              |       |       |     1 |       |       ||     1
         Spear             |       |       |       |    15 |       ||    15
   Fire: Sling             |   108 |   261 |    10 |       |       ||   379
         Shortbow          |       |       |   401 |   957 |    44 ||  1402
         Longbow           |       |       |       |   236 |       ||   236
   Cast: Slow              |     1 |       |     5 |     3 |       ||     9
         Inner Flame       |       |       |       |     7 |       ||     7
         Portal Projectile |       |       |       |     7 |       ||     7
         Cause Fear        |       |       |       |    15 |       ||    15
    Use: Scroll            |     4 |     5 |     7 |    18 |     3 ||    37
         Potion            |       |     5 |     4 |     7 |       ||    16
   Stab: Paralysed         |       |       |     1 |     6 |     6 ||    13
         Invisible         |       |       |     2 |       |       ||     2
 Armour: Robe              |    11 |    24 |       |   151 |     9 ||   195
         Skin              |       |     7 |     1 |       |       ||     8
         Leather armour    |       |    17 |   108 |    19 |       ||   144
  Dodge: Dodged            |    47 |   101 |   131 |   339 |    18 ||   636
